 Dungeon Crawl Stone Soup version 0.25-a0-283-ge7e91ba8d0 (webtiles) character file.

Game seed: 5112402528605768226, levelgen mode: deterministic

264 Faustar the Cudgeler (level 6, -2/37 HPs)
             Began as a Gargoyle Berserker on Dec 11, 2019.
             Was a Believer of Trog.
             Slain by a yak (6 damage)
             ... on level 4 of the Dungeon.
             The game lasted 00:05:08 (2995 turns).

Faustar the Cudgeler (Gargoyle Berserker)           Turns: 2995, Time: 00:05:09

Health: -2/37      AC: 15    Str: 22    XL:     6   Next: 19%
Magic:  6/6        EV:  6    Int:  8    God:    Trog [**....]
Gold:   206        SH:  0    Dex:  9    Spells: 5/5 levels left

rFire    . . .     SeeInvis .   a - +0 mace
rCold    . . .     Gourm    .   (no shield)
rNeg     + . .     Faith    .   h - +0 plate armour
rPois    ∞         Spirit   .   (no helmet)
rElec    +         Reflect  .   (no cloak)
rCorr    .         Harm     .   (no gloves)
MR       .....                  (no boots)
Stlth    ..........             n - amulet of magic regeneration (curse)
HPRegen  0.12/turn              (no ring)
MPRegen  0.35/turn              t - ring of attention (curse)

@: no status effects
A: negative energy resistance 1, electricity resistance, unbreathing,
petrification resistance, rot immunity, AC +4
a: Berserk, Trog's Hand, Renounce Religion


You were on level 4 of the Dungeon.
You worshipped Trog.
Trog was pleased with you.
You were hungry.

You visited 1 branch of the dungeon, and saw 4 of its levels.

You collected 206 gold pieces.

Inventory:

Hand Weapons
 a - a +0 mace (weapon)
Armour
 b - a +0 animal skin
 h - a +0 plate armour (worn)
 p - a +0 robe of positive energy
Jewellery
 k - an uncursed amulet of guardian spirit
 n - a cursed amulet of magic regeneration (around neck)
 t - a cursed ring of attention (right hand)
Wands
 l - a wand of acid (3)
 s - a wand of digging (3)
Scrolls
 d - 8 scrolls of identify
 f - a scroll of remove curse
 m - a scroll of teleportation
 o - 2 scrolls of fear
Potions
 e - 2 potions of curing {unknown}
 g - a potion of heal wounds
 i - a potion of resistance {unknown}
 j - a potion of berserk rage {unknown}
 q - a potion of lignification {unknown}
 r - 3 potions of might {unknown}
 u - a potion of invisibility {unknown}
 v - 2 potions of haste {unknown}
Comestibles
 c - 11 rations


   Skills:
 - Level 3.2 Fighting
 + Level 6.7 Maces & Flails
 - Level 2.1 Armour
 - Level 1.5 Dodging


You had 5 spell levels left.
You didn't know any spells.
Your spell library was empty.

Dungeon Overview and Level Annotations

Branches:
Dungeon (4/15)
 Temple: D:4-7

Altars:
Dithmenos
Gozag


Innate Abilities, Weirdness & Mutations

You are resistant to torment.
Your stone body is resilient. (AC +4)
You are immune to poison.
You resist negative energy. (rN+)
You are resistant to electric shocks. (rElec)
You can survive without breathing.
You are immune to petrification.
You are immune to rotting.


Message History

* * * LOW HITPOINT WARNING * * *
The giant cockroach bites you but does no damage.
You hit the yak but do no damage.
The yak is severely wounded.
The yak gores you but does no damage.
The giant cockroach bites you but does no damage.
You hit the yak.
The yak is severely wounded.
The giant cockroach closely misses you. The yak gores you.
* * * LOW HITPOINT WARNING * * *
The giant cockroach bites you but does no damage.
The yak gores you but does no damage.
You hit the yak but do no damage.
The yak is severely wounded.
The giant cockroach bites you but does no damage.
The yak completely misses you.
You hit the yak but do no damage.
The yak is severely wounded.
The giant cockroach barely misses you. The yak gores you.
You die...

# # #. . #.##
############
#... #
#.#.........
#.#.#.
..#..########
#...###.###.## #
###..#.# ##.## #
#.....## ##.# #
#.#Y@.#.## ##.##
#
#...s.###.###.##
# #.....#
##.#.## #
.....#### ##.##
# ..... #.# #
#### #.# ######
#.. ...... ###
######


You could see a yak and a giant cockroach.

Vanquished Creatures
  A phantom (D:2)
  A centaur zombie (D:4)
  A centaur skeleton (D:4)
  Jessica (D:2)
  2 adders
  An ooze (D:1)
  A dart slug (D:2)
  6 leopard geckos
  2 orcs (D:3)
  5 bats
  6 hobgoblins
  3 jackals (D:3)
  6 kobolds
  2 frilled lizards
  9 goblins
  8 rats
55 creatures vanquished.

Notes
Turn   | Place    | Note
-------+----------+-------------------------------------------
     0 | D:1      | Faustar the Gargoyle Berserker began the quest for the Orb.
     0 | D:1      | Reached XP level 1. HP: 14/14 MP: 1/1
   208 | D:1      | Reached XP level 2. HP: 18/19 MP: 2/2
   541 | D:1      | Reached skill level 4 in Maces & Flails
   543 | D:1      | Reached XP level 3. HP: 17/23 MP: 3/3
  1053 | D:2      | Noticed Jessica
  1063 | D:2      | Killed Jessica
  1063 | D:2      | Reached XP level 4. HP: 25/28 MP: 4/4
  1189 | D:2      | Noticed a phantom
  1232 | D:2      | Killed a phantom
  1232 | D:2      | Reached skill level 5 in Maces & Flails
  1232 | D:2      | Reached XP level 5. HP: 14/32 MP: 5/5
  1500 | D:2      | Reached ** piety under Trog
  1515 | D:2      | Reached skill level 6 in Maces & Flails
  1771 | D:2      | Found a shadowy altar of Dithmenos.
  1772 | D:2      | Found an opulent altar of Gozag.
  2862 | D:4      | Reached XP level 6. HP: 34/37 MP: 6/6
  2980 | D:4      | Noticed a yak
  2995 | D:4      | Slain by a yak

Levels and vault maps discovered:
D:1:      kilobyte_arrival_exit_the_forest, layout_basic, minmay_tromino_v7
D:2:      layout_basic, gammafunk_temple_overflow_statue, uniq_jessica
D:3:      layout_basic, first_ration
D:4:      minmay_chambers_of_twos, layout_loops_ring,
          corexii_item_surrounded_by_moat, minmay_manual_monstrance

Skill      XL: |  1  2  3  4  5 |
---------------+----------------+-----
Maces & Flails | 4 5 6 |  6.7
Fighting       | |  3.2
Armour         | |  2.1
Dodging        | |  1.5

Action                   |  1- 3 |  4- 6 || total
-------------------------+-------+-------++-------
Melee: Mace              |    59 |   125 ||   184
Evoke: Wand              |       |     3 ||     3
  Use: Scroll            |     1 |     3 ||     4
  Eat: Chunk             |       |     6 ||     6
Armor: Animal skin       |    28 |       ||    28
       Robe              |       |    46 ||    46
       Plate armour      |       |    46 ||    46
Dodge: Dodged            |    54 |    91 ||   145

Table legend:
 A = Non-vault XP
 B = Vault XP
 C = Vault XP percentage of total XP
 D = Non-vault monster count
 E = Vault monster count
 F = Vault count percentage of total count
                 A         B        C        D         E       F
            +---------+---------+-------+---------+---------+-------
      Total |     330 |      48 |  12.7 |      51 |       4 |   7.3
            +---------+---------+-------+---------+---------+-------
        D:1 |      29 |      11 |  27.5 |      16 |       3 |  15.8
        D:2 |     170 |      37 |  17.9 |      16 |       1 |   5.9
        D:3 |      40 |       0 |   0.0 |      15 |       0 |   0.0
        D:4 |      91 |       0 |   0.0 |       4 |       0 |   0.0
            +---------+---------+-------+---------+---------+-------
